 Dungeon Crawl Stone Soup version 0.29-a0-323-g050149af67 (webtiles) character file.

Game seed: 2095631326672874887

124 Ajdolov the Ruffian (level 3, -2/34 HPs)
             Began as a Ghoul Monk on Apr 10, 2022.
             Was a Believer of Ru.
             Slain by an iguana (6 damage)
             ... on level 4 of the Dungeon.
             The game lasted 00:04:25 (4148 turns).

Ajdolov the Ruffian (Ghoul Monk)                    Turns: 4148, Time: 00:04:25

Health: -2/34      AC:  9    Str: 17    XL:     3   Next: 8%
Magic:  2/2        EV:  7    Int:  5    God:    Ru [**....]
Gold:   216        SH:  0    Dex: 11    Spells: 2/2 levels left

rFire   . . .      SeeInvis .     - Unarmed
rCold   + . .      Faith    .   (no shield)
rNeg    + + +      Spirit   .   a - +0 chain mail
rPois   ∞          Reflect  +   (no helmet)
rElec   .          Harm     .   (no cloak)
rCorr   .          Rampage  .   (no gloves)
Will    .....                   m - +0 pair of boots
Stlth   ..........              t - amulet of reflection
HPRegen 0.00/turn               (no ring)
MPRegen 0.08/turn               (no ring)

@: confused, ambrosia-drunk, inhibited regen
A: claws 1, cold resistance 1, negative energy resistance 3, inhibited
regeneration, torment resistance 2, inexperienced 1, devour on kill
a: Renounce Religion


You were on level 4 of the Dungeon.
You worshipped Ru.
Ru was pleased with you.
You visited 2 branches of the dungeon, and saw 5 of its levels.

You collected 216 gold pieces.

Inventory:

Armour
 a - a +0 chain mail (worn)
 m - a +0 pair of boots (worn)
Jewellery
 t - an amulet of reflection (around neck)
Scrolls
 c - a scroll of blinking {unknown}
 e - 2 scrolls of fear {unknown}
 h - a scroll of acquirement {unknown}
 j - a scroll of noise {unknown}
 k - a scroll of teleportation {unknown}
 l - a scroll of enchant weapon {unknown}
 o - a scroll of fog {unknown}
 p - 2 scrolls of identify {unknown}
 r - 2 scrolls of silence {unknown}
 s - a scroll of summoning {unknown}
Potions
 b - a potion of ambrosia
 d - 3 potions of curing {unknown}
 f - a potion of brilliance {unknown}
 g - a potion of cancellation {unknown}
 i - 2 potions of magic {unknown}
 n - 2 potions of haste {unknown}
 q - a potion of flight {unknown}


   Skills:
 + Level 4.4 Fighting
 - Level 2.6 Dodging
 - Level 2.1 Stealth
 * Level 5.4 Unarmed Combat


You had 2 spell levels left.
You didn't know any spells.
Your spell library was empty.

Dungeon Overview and Level Annotations

Branches:
Dungeon (4/15)             Temple (1/1) D:4

Altars:
Ashenzari
Cheibriados
Dithmenos
Fedhas
Gozag
Hepliaklqana
Kikubaaqudgha
Makhleb
Okawaru
Qazlal
Ru
Sif Muna
Trog
Uskayaw
Vehumet
Xom
Yredelemnul
Zin
The Shining One


Innate Abilities, Weirdness & Mutations

You are immune to poison.
You have sharp fingernails.
Your flesh is cold resistant. (rC+)
You are immune to negative energy. (rN+++)
You do not regenerate when monsters are visible.
You are immune to unholy pain and torment.
You are somewhat inexperienced. (-2 XL)
You thrive by killing the living.


Message History

t - an amulet of reflection You start putting on your amulet.
You continue putting on your amulet of reflection. x5
You finish putting on your amulet of reflection.
You feel a shielding aura gather around you.
t - an amulet of reflection (around neck)
Found a stone staircase leading up.
There is a stone staircase leading up here.
A quokka comes into view.
You claw the quokka!
You kill the quokka!
No target in view!
You see here a quokka corpse.
There is a stone staircase leading down here.
You now have 216 gold pieces (gained 9).
Found a stone staircase leading down.
An iguana comes into view.
The iguana hisses angrily.
The iguana hisses menacingly.
You closely miss the iguana. The iguana bites you!
You scratch the iguana.
The iguana is lightly wounded.
The iguana bites you.
You scratch the iguana.
The iguana is heavily wounded.
The iguana bites you!
You closely miss the iguana.
The iguana is heavily wounded.
The iguana closely misses you.
You scratch the iguana.
The iguana is severely wounded.
The iguana bites you.
* * * LOW HITPOINT WARNING * * *
You barely miss the iguana.
The iguana is severely wounded.
The iguana bites you!
* * * LOW HITPOINT WARNING * * *
You are confused.
You feel invigorated. The iguana bites you.
You die...

...<.# #.# ####.#
#.# .# # #.# #. #
#.# #.. #.####
##.. #....# #..#
####.###..
##...##l#
###.....#@#.#
.............#
####.>.....##....
##..........#.#
##.#...##....
#...... ....
#.##.... ... #.
#.#... . #### #
#......


You could see an iguana.

Vanquished Creatures
  2 gnolls (D:1)
  4 adders
  3 dart slugs (D:4)
  6 ball pythons
  7 endoplasms
  3 giant cockroaches
  A goblin (D:4)
  6 hobgoblins
  7 jackals
  4 kobolds
  3 quokkas
  7 bats
  6 rats
  A spectral kobold (D:3)
60 creatures vanquished.

Notes
Turn   | Place    | Note
-------+----------+-------------------------------------------
     0 | D:1      | Ajdolov the Ghoul Monk began the quest for the Orb.
     0 | D:1      | Reached XP level 1. HP: 19/19 MP: 0/0
   498 | D:1      | Reached XP level 2. HP: 26/26 MP: 1/1
   909 | D:2      | Reached skill level 4 in Unarmed Combat
   909 | D:2      | Reached XP level 3. HP: 28/33 MP: 2/2
  1247 | D:2      | Found a faded altar of an unknown god.
  2012 | D:1      | Reached XP level 4. HP: 9/40 MP: 3/3
  2802 | D:3      | Reached skill level 5 in Unarmed Combat
  2967 | D:3      | Found a hazy altar of Hepliaklqana.
  3368 | D:4      | Reached XP level 5. HP: 43/47 MP: 4/4
  3495 | D:4      | Found a staircase to the Ecumenical Temple.
  3533 | D:4      | Found a radiant altar of Vehumet.
  3580 | Temple   | Entered the Ecumenical Temple
  3881 | Temple   | Became a worshipper of Ru the Awakened
  3887 | Temple   | Gained mutation: You are somewhat inexperienced. (-2 XL)
                  | [Ru sacrifice]
  3887 | Temple   | Reached XP level 4. HP: 41/41 MP: 3/3
  3887 | Temple   | Reached XP level 3. HP: 34/34 MP: 2/2
  3887 | Temple   | Reached * piety under Ru
  3887 | Temple   | Reached ** piety under Ru
  4147 | D:4      | HP: 1/34 [iguana (7)]
  4148 | D:4      | Slain by an iguana

Illustrated notes

Levels and vault maps discovered:
D:1:      minmay_arrival_plants_in_alcoves, layout_basic,
          chequers_serial_rivers_micro_a
D:2:      layout_basic, shapermc_ecumenical_altar_starsandcircs
D:3:      layout_rooms, nicolae_hepliaklqana_monster_ancestors
D:4:      layout_loops_ring, nicolae_overflow_crystal_walls,
          minmay_temple_entry_poolview, minivault_14, minivault_5
Temple:   minmay_temple_bridge_d

Skill      XL: |  1  2  3  4 |
---------------+-------------+-----
Unarmed Combat | 4 5 |  5.4
Fighting       | 4 |  4.4
Dodging        | |  2.6
Stealth        | |  2.1

Action                   |  1- 3 |  4- 6 || total
-------------------------+-------+-------++-------
Melee: Unarmed           |    91 |    89 ||   180
       Punch             |     1 |     2 ||     3
Invok: Sacrifice Experie |     1 |       ||     1
  Use: Potion            |     1 |       ||     1
 Stab: Sleeping          |     1 |       ||     1
Armor: Robe              |     2 |       ||     2
       Ring mail         |     2 |       ||     2
       Chain mail        |    46 |    50 ||    96
Dodge: Dodged            |    43 |    25 ||    68

Table legend: (Time is in decaauts)
 A = Elapsed time spent in this place.
 B = Non-inter-level travel time spent in this place.
 C = Inter-level travel time spent in this place.
 D = Time resting spent in this place.
 E = Time spent auto-exploring this place.
 F = Levels seen in this place.
 G = Mean time per level.
                   A        B        C        D        E       F      G
               +--------+--------+--------+--------+--------+-----+--------+
         Total |   4137 |   3920 |    217 |    599 |   2673 |   5 |  827.4 |
       Dungeon |   3762 |   3691 |     71 |    599 |   2459 |   4 |  940.5 |
        Temple |    374 |    228 |    146 |      0 |    214 |   1 |  374.0 |
               +--------+--------+--------+--------+--------+-----+--------+

Top non-repeatable levels by time:
     D:2: 1387 daAuts
     D:1: 1380 daAuts
     D:4: 565 daAuts
     D:3: 428 daAuts
  Temple: 374 daAuts
